 Dungeon Crawl Stone Soup version 0.29.1-15-g9cfb28693d (webtiles) character file.

Game seed: 10780168079857130680

891 shadowmeld the Magician (level 8, -4/55 HPs)
             Began as a Djinni Fire Elementalist on Apr 19, 2023.
             Slain by Duvessa
             ... wielding a +0 short sword of draining
              (11 damage)
             ... on level 5 of the Dungeon.
             The game lasted 00:20:14 (4953 turns).

shadowmeld the Magician (Djinni Fire Elementalist)  Turns: 4953, Time: 00:20:15

Health: -4/55      AC:  5    Str:  7    XL:     8   Next: 27%
Gold:   236        EV: 12    Int: 25    God:
                   SH:  0    Dex: 13

rFire   + + +      SeeInvis .   p - +4 dagger "Morg" {pain, Will+ Int+5}
rCold   x . .      Faith    .   (no shield)
rNeg    . . .      Spirit   .   j - +2 robe {Will+}
rPois   ∞          Reflect  .   v - +0 helmet
rElec   .          Harm     .   (no cloak)
rCorr   .          Rampage  .   (no gloves)
Will    ++...                   (boots unavailable)
Stlth   ++........              (no amulet)
HPRegen 0.18/turn               q - ring of protection from fire
MPRegen 0.00/turn               (no ring)

@: flying
A: sickness immunity, fire resistance 2, cold vulnerability 1, float, innate
caster, HP casting, extra vitality 1
a: no special abilities


You were on level 5 of the Dungeon.
You visited 1 branch of the dungeon, and saw 5 of its levels.

You collected 236 gold pieces.

Inventory:

Hand Weapons
 p - the +4 dagger "Morg" (weapon) {pain, Will+ Int+5}
   (You found it on level 2 of the Dungeon)

   In the hands of one skilled in necromantic magic, it inflicts extra damage on
   living creatures.
   Your inability to study Necromancy prevents you from drawing on the full
   power of this weapon.
   Int:       It affects your intelligence (+5).
   Will:      It increases your willpower.
 y - the +8 short sword of the Arena {vamp, rF+ Str+4}
   (You found it on level 4 of the Dungeon)

   It occasionally heals its wielder for a portion of the damage dealt when it
   wounds a living foe.
   Str:       It affects your strength (+4).
   rF:        It protects you from fire.
Armour
 a - a +0 robe
 j - a +2 robe of willpower (worn)
 u - a +0 animal skin
 v - a +0 helmet (worn)
Jewellery
 k - an amulet of faith
 q - a ring of protection from fire (left hand)
Wands
 r - a wand of flame (10)
 s - a wand of polymorph (10)
Scrolls
 d - a scroll of vulnerability {unknown}
 e - 3 scrolls of identify {unknown}
 f - a scroll of amnesia {unknown}
 i - a scroll of blinking {unknown}
 n - a scroll of fog {unknown}
 t - a scroll of brand weapon {unknown}
 w - a scroll of immolation {unknown}
Potions
 b - a potion of haste {unknown}
 c - 2 potions of flight {unknown}
 g - a potion of berserk rage {unknown}
 h - 3 potions of degeneration {unknown}
 l - 3 potions of resistance {unknown}
 m - 2 potions of might {unknown}
 o - 3 potions of curing {unknown}
 x - a potion of attraction {unknown}


   Skills:
 * Level 2.5 Fighting
 + Level 3.0 Dodging
 - Level 1.5 Stealth
 * Level 6.7 Spellcasting


You had one spell level left.
You knew the following spells:

 Your Spells              Type           Power      Damage    Failure   Level
a - Foxfire               Conj/Fire      100%       2x1d9     1%          1
b - Scorch                Fire           84%        2d9       1%          2
c - Conjure Flame         Conj/Fire      42%        6-21      1%          3
d - Inner Flame           Hex/Fire       42%        N/A       1%          3
e - Flame Wave            Conj/Fire      42%        2d11      4%          4
f - Freeze                Ice            100%       1d11      1%          1
g - Blink                 Tloc           84%        N/A       1%          2
h - Gell's Gravitas       Tloc           42%        N/A       1%          3
Your spell library was empty.

Dungeon Overview and Level Annotations

Branches:
Dungeon (5/15)
 Temple: D:4-7

Altars:
Hepliaklqana
Qazlal
Trog
Wu Jian
Yredelemnul

Annotations:
D:5 Duvessa


Innate Abilities, Weirdness & Mutations

You are immune to sickness and miasma.
You are immune to poison.
Your flesh is very heat resistant. (rF++)
You are vulnerable to cold. (rC-)
You float through the air rather than walking.
You learn spells naturally, not from books.
Your magical power is your life essence.
You have superior vitality. (+4 MHP)


Message History

Casting: Scorch (safe; 1% risk of failure)
Confirm with . or Enter, or press ? or * to list all spells.
Flames lash Dowan.
Dowan is burned terribly!
Dowan is severely wounded.
Casting: Scorch (safe; 1% risk of failure)
Confirm with . or Enter, or press ? or * to list all spells.
Flames lash Dowan.
Dowan is burned terribly!
You kill Dowan!
Duvessa screams, "No!
How DARE you!"
Duvessa goes berserk!
Duvessa hits you with a +0 short sword of draining!
Casting: Scorch (safe; 1% risk of failure)
Confirm with . or Enter, or press ? or * to list all spells.
Flames lash Duvessa.
Duvessa is lightly wounded.
Duvessa's fire resistance burns away.
Duvessa hits you with a +0 short sword of draining!
Casting: Scorch (safe; 1% risk of failure)
Confirm with . or Enter, or press ? or * to list all spells.
Flames lash Duvessa.
Duvessa is burned terribly!
Duvessa is lightly wounded.
Duvessa hits you with a +0 short sword of draining! x2
* * * LOW HITPOINT WARNING * * *
Casting: Scorch (safe; 1% risk of failure)
Confirm with . or Enter, or press ? or * to list all spells.
You blink.
* * * LOW HITPOINT WARNING * * *
Duvessa rages.
Aiming: Polymorph
Press: ? - help, Shift-Dir - straight line, f - Duvessa
Aim: Duvessa, wielding a +0 short sword of draining and wearing a +0 leather armour (lightly wounded, berserk, fast, more vulnerable to fire, will become a swamp drake, a centaur, or a scorpion, chance to affect: 31%)
Okay, then.
Unknown command.
Aiming: Polymorph
Press: ? - help, Shift-Dir - straight line, f - Duvessa
Aim: Duvessa, wielding a +0 short sword of draining and wearing a +0 leather armour (lightly wounded, berserk, fast, more vulnerable to fire, will become a swamp drake, a centaur, or a scorpion, chance to affect: 31%) Duvessa easily resists.
You feel stable enough to blink again.
Duvessa hits you with a +0 short sword of draining!
You die...

####.#..### ##...<...#
### ####.......##
#..###...........# .##
#...#..........###
....#.........#....#
#......##..###.#..# ##
#......)........## #.
#....@e.........# ##.
#....!...#.....#.####..
.......$..#.....#.......
.##.....#.......##.(....
#...#.................
#.####...........[....
#. ................ #
..........###.##
#........##.##


You could see Duvessa (berserk, fast, combustible).

Vanquished Creatures
  Sigmund (D:2)
  A black bear (D:5)
  2 ogres (D:5)
  A scorpion (D:4)
  Dowan (D:5)
  Ijyb (D:4)
  3 orc wizards (D:4)
  Natasha (D:2)
  Robin (D:4)
  4 gnolls
  8 adders
  An ufetubus (D:4)
  3 worms
  A dart slug (D:2)
  7 orcs
  8 bats
  3 bat skeletons (D:2)
  A bat zombie (D:2)
  5 endoplasms
  6 giant cockroaches
  14 goblins
  8 hobgoblins
  8 kobolds
  2 quokkas
  6 ball pythons
  A ball python simulacrum (D:2)
  A ball python skeleton (D:2)
  A frilled lizard (D:1)
  5 rats
  A spectral kobold (D:3)
106 creatures vanquished.

Vanquished Creatures (collateral kills)
  A foxfire (D:5)
1 creature vanquished.

Vanquished Creatures (others)
  51 foxfires
  6 withered plants (D:2)
57 creatures vanquished.

Grand Total: 164 creatures vanquished

Notes
Turn   | Place    | Note
-------+----------+-------------------------------------------
     0 | D:1      | shadowmeld the Djinni Fire Elementalist began the quest for
                  | the Orb.
     0 | D:1      | shadowmeld set off with the following spells memorised:
                  | Foxfire, Scorch, Conjure Flame, Inner Flame, Flame Wave.
     0 | D:1      | Reached XP level 1. HP: 15/15 MP: 0/0
   278 | D:1      | Reached XP level 2. HP: 15/21 MP: 0/0
   404 | D:1      | Found a faded altar of an unknown god.
   447 | D:1      | Reached skill level 3 in Spellcasting
   447 | D:1      | Reached XP level 3. HP: 9/26 MP: 0/0
   447 | D:1      | Learned a level 1 spell: Freeze
  1289 | D:2      | Noticed Sigmund
  1294 | D:2      | Killed Sigmund
  1295 | D:2      | Reached skill level 1 in Fighting
  1295 | D:2      | Reached skill level 4 in Spellcasting
  1295 | D:2      | Reached XP level 4. HP: 19/33 MP: 0/0
  1295 | D:2      | Reached XP level 5. HP: 22/38 MP: 0/0
  1295 | D:2      | Learned a level 2 spell: Blink
  1295 | D:2      | Reached XP level 6. HP: 25/43 MP: 0/0
  1925 | D:2      | Noticed Natasha
  1927 | D:2      | Found the +4 dagger "Morg" {pain, Will+ Int+5}
  1931 | D:2      | Killed Natasha
  3052 | D:3      | Found a hazy altar of Hepliaklqana.
  3141 | D:3      | Reached skill level 5 in Spellcasting
  3392 | D:4      | Identified the +8 short sword of the Arena {vamp, rF+
                  | Str+4}
  3406 | D:4      | Reached XP level 7. HP: 38/48 MP: 0/0
  3406 | D:4      | Learned a level 3 spell: Gell's Gravitas
  3814 | D:4      | Found a basalt altar of Yredelemnul.
  3861 | D:4      | Noticed Ijyb
  3864 | D:4      | Killed Ijyb
  4032 | D:4      | Found a stormy altar of Qazlal.
  4032 | D:4      | Found an ornate altar of the Wu Jian Council.
  4056 | D:4      | Noticed Robin
  4071 | D:4      | Killed Robin
  4672 | D:5      | Entered Level 5 of the Dungeon
  4701 | D:5      | Reached skill level 6 in Spellcasting
  4785 | D:5      | Reached XP level 8. HP: 37/55 MP: 0/0
  4885 | D:5      | Found a bloodstained altar of Trog.
  4942 | D:5      | Noticed Dowan
  4944 | D:5      | Noticed Duvessa
  4949 | D:5      | Killed Dowan
  4953 | D:5      | Slain by Duvessa

Illustrated notes

Levels and vault maps discovered:
D:1:      dpeg_arrival_more_subterranean_lakeside_camping, layout_loops_ring,
          hellmonk_ecumenical_altar_pennies_from_heaven
D:2:      layout_basic, dilly_guarded_unrand_morg, uniq_sigmund
D:3:      layout_basic, nicolae_hepliaklqana_monster_ancestors
D:4:      nicolae_cairo_tiling_very_big, layout_basic,
          mainiacjoe_overflow_chevrons,
          chequers_temple_overflow_statue_of_worship, hex_tiny, uniq_robin,
          uniq_ijyb, uniq_natasha
D:5:      layout_cave_pools, marbit_many_paths, lemuel_round_altar,
          item_on_display_a, uniq_duvessa

Skill      XL: |  1  2  3  4  5  6  7 |
---------------+----------------------+-----
Spellcasting   | 3 4 5 6 |  6.7
Fighting       | 1 2 |  2.5
Dodging        | 3 |  3.0
Stealth        | |  1.5

Action                   |  1- 3 |  4- 6 |  7- 9 || total
-------------------------+-------+-------+-------++-------
Melee: Unarmed           |     1 |       |       ||     1
       Dagger            |       |       |     4 ||     4
       Punch             |       |       |     1 ||     1
 Cast: Foxfire           |    40 |       |     4 ||    44
       Scorch            |     8 |    68 |    47 ||   123
       Freeze            |       |       |     4 ||     4
       Gell's Gravitas   |       |       |     1 ||     1
       Blink             |       |       |     1 ||     1
Evoke: Wand              |       |       |     1 ||     1
Armor: Robe              |     4 |    16 |    14 ||    34
Dodge: Dodged            |     8 |    22 |    12 ||    42
